 Dungeon Crawl Stone Soup version 0.28-a0-998-gb9e9c7b67e (webtiles) character file.

Game seed: 8535953089469764009

14 ytrimaz the Insei (level 2, 18/18 HPs)
             Began as an Octopode Transmuter on Dec 5, 2021.
             Was a Follower of Trog (penitent).
             Quit the game on level 1 of the Dungeon.
             The game lasted 00:00:53 (455 turns).

ytrimaz the Insei (Octopode Transmuter)              Turns: 455, Time: 00:00:53

Health: 18/18      AC:  1    Str:  9    XL:     2   Next: 41%
Magic:  5/5        EV: 13    Int: 15    God:    Trog [*]
Gold:   2          SH:  0    Dex: 12    Spells: 4/5 levels left

rFire   . . .      SeeInvis .     - Unarmed
rCold   . . .      Faith    .   (no shield)
rNeg    . . .      Spirit   .   (helmet currently unavailable)
rPois   .          Reflect  .   (no amulet)
rElec   .          Harm     .   (no ring)
rCorr   .          Rampage  .   (no ring)
Will    .....                   (no ring)
Stlth   ++........              (no ring)
HPRegen 0.06/turn               (no ring)
MPRegen 0.09/turn               (no ring)
                                (no ring)
                                (no ring)

@: appendages (expiring)
A: tentacle spike 3, almost no armour, amphibious, 8 rings, camouflage 1,
gelatinous body 1, (nimble swimmer 1), tentacles
a: End Transformation, Renounce Religion


You were on level 1 of the Dungeon.
You worshipped Trog.
Trog was demanding penance.
One of your tentacles had grown a beastly spike.
You visited 1 branch of the dungeon, and saw 1 of its levels.

You collected 2 gold pieces.

Inventory:

Jewellery
 c - a ring of magical power
Scrolls
 b - 2 scrolls of enchant weapon {unknown}
Potions
 a - a potion of cancellation {unknown}


   Skills:
 * Level 1.3 Fighting
 + Level 2.1 Dodging
 + Level 3.4 Unarmed Combat
 - Level 2.1 Spellcasting
 - Level 2.1 Transmutations


You had 4 spell levels left.
You knew the following spells:

 Your Spells              Type           Power      Damage    Failure   Level
a - Beastly Appendage     Tmut           14%        N/A       10%         1

Your spell library contained the following spells:

 Spells                   Type           Power      Damage    Failure   Level
 Wereblood                Tmut           7%         N/A       14%         2
 Spider Form              Tmut/Pois      4%         N/A       41%         3
 Ice Form                 Ice/Tmut       4%         N/A       82%         4


Dungeon Overview and Level Annotations

Branches:
Dungeon (1/15)

Altars:
Trog


Innate Abilities, Weirdness & Mutations

One of your tentacles has grown a beastly spike.
You cannot wear most types of armour.
You are amphibious.
You can wear up to eight rings at the same time.
Your skin changes colour to match your surroundings (Stealth+).
Your rubbery body absorbs attacks. (AC +1, EV +1)
((You are camouflaged near water. (Stealth+)))
You have tentacles for arms and can constrict up to eight enemies at once.


Message History

Found a runed tourmaline ring.
You see here a scroll labelled GYOMNEA PUES.
b - 2 scrolls labelled GYOMNEA PUES (gained 1)
There is a faded altar of an unknown god here.
There is a faded altar of an unknown god here.
You cannot tell which god this altar belongs to.
Convert to them anyway?
Trog accepts your prayer! Trog welcomes you!
You can now go berserk at will.
The golden eye turns its gaze towards you.
The golden eye turns its gaze towards you.
The helpless frilled lizard fails to defend itself.
You tentacle-slap the frilled lizard. You grab the frilled lizard.
The frilled lizard is heavily wounded.
You constrict the frilled lizard.
You kill the frilled lizard!
Trog accepts your kill.
The golden eye pulsates ominously.
c - a ring of magical power Casting this spell will place you under penance.
Really cast?
Okay, then.
Casting: Beastly Appendage (safe; 10% risk of failure)
Confirm with . or Enter, or press ? or * to list all spells.
You don't know that spell.
Casting: Beastly Appendage (safe; 10% risk of failure)
Confirm with . or Enter, or press ? or * to list all spells.
Casting this spell will place you under penance.
Really cast?
One of your tentacles grows a vicious spike.
You feel guilty. "You will pay for your transgression, mortal!"
Unknown command.
You start resting.
Your transformation is almost over.
Okay, then.
Okay, then.
Are you sure you want to abandon this character and quit the game? (Confirm with "yes".)
Okay, then.
Unknown command.
You swing at nothing.
Are you sure you want to abandon this character and quit the game? (Confirm with "yes".)

....### #............#
##.## #..###...###.#
...# ##.#G#...#G#.# .###
#.###...###.# .#
#...........## .##
#######....._......#
..###....##..........†.#
.........##.###...###..#
#†.......##.#G#.@.#G#..#
#.###....##.###...###..#
#.# #######............#
#.# #.##.........# #.#
#....######### #.#
#.#### #.# ##. #.# #..
#.## #.#


You could see a shining eye, a floating eye and 2 golden eyes.

Vanquished Creatures
  An endoplasm (D:1)
  A goblin (D:1)
  3 hobgoblins (D:1)
  3 jackals (D:1)
  A bat (D:1)
  3 frilled lizards (D:1)
12 creatures vanquished.

Notes
Turn   | Place    | Note
-------+----------+-------------------------------------------
     0 | D:1      | ytrimaz the Octopode Transmuter began the quest for the
                  | Orb.
     0 | D:1      | Reached XP level 1. HP: 13/13 MP: 3/3
   248 | D:1      | Reached XP level 2. HP: 18/18 MP: 3/5
   417 | D:1      | Noticed a floating eye
   419 | D:1      | Found a faded altar of an unknown god.
   420 | D:1      | Noticed a golden eye
   420 | D:1      | Noticed a shining eye
   420 | D:1      | Noticed a golden eye
   428 | D:1      | Prayed at the altar of an unknown god.
   428 | D:1      | Became a worshipper of Trog the Wrathful
   428 | D:1      | Reached * piety under Trog
   443 | D:1      | Was placed under penance by Trog
   455 | D:1      | Quit the game

Illustrated notes

Levels and vault maps discovered:
D:1:      minmay_arrival_doors, layout_rooms,
          hellmonk_ecumenical_altar_watching_god, minmay_misc_feat_plants,
          minmay_stone_trees_medium

Action                   || total
-------------------------++-------
Melee: Unarmed           ||    26
       Constrict         ||     5
       Kick              ||     4
       Tentacles         ||     3
 Cast: Beastly Appendage ||     4
  Use: Potion            ||     1
 Stab: Sleeping          ||     1
Armor: Skin              ||     3
Dodge: Dodged            ||    14

Table legend: (Time is in decaauts)
 A = Elapsed time spent in this place.
 B = Non-inter-level travel time spent in this place.
 C = Inter-level travel time spent in this place.
 D = Time resting spent in this place.
 E = Time spent auto-exploring this place.
 F = Levels seen in this place.
 G = Mean time per level.
                   A        B        C        D        E       F      G
               +--------+--------+--------+--------+--------+-----+--------+
         Total |    453 |    453 |      0 |      7 |    348 |   1 |  453.0 |
       Dungeon |    453 |    453 |      0 |      7 |    348 |   1 |  453.0 |
               +--------+--------+--------+--------+--------+-----+--------+

Top non-repeatable levels by time:
     D:1: 453 daAuts
